 Dungeon Crawl Stone Soup version 0.26-a0-491-g70697cc071 (webtiles) character file.

Game seed: 5894673484795983398

1 ANON1729 the Sneak (level 1, -4/21 HPs)
             Began as a Naga Delver on Aug 5, 2020.
             Slain by an ogre
             ... wielding a +0 giant spiked club
              (23 damage)
             ... on level 5 of the Dungeon.
             The game lasted 00:00:17 (32 turns).

ANON1729 the Sneak (Naga Delver)                      Turns: 32, Time: 00:00:17

Health: -4/21      AC:  1    Str: 14    XL:     1   Next: 20%
Magic:  1/1        EV:  9    Int: 10    God:
Gold:   12         SH:  0    Dex: 12    Spells: 0/0 levels left

rFire    . . .     SeeInvis +   a - +0 falchion
rCold    . . .     Faith    .   (no shield)
rNeg     . . .     Spirit   .   b - +0 leather armour
rPois    +         Reflect  .   (no helmet)
rElec    .         Harm     .   (no cloak)
rCorr    .                      (no gloves)
MR       .....                  (no barding)
Stlth    +++.......             (no amulet)
HPRegen  0.07/turn              (no ring)
MPRegen  0.07/turn              (no ring)

@: very slow
A: large, see invisible, deformed body, poison resistance, slowness 2, spit
poison 1, AC +0
a: Spit Poison


You were on level 5 of the Dungeon.
You visited 1 branch of the dungeon, and saw 1 of its levels.

You collected 12 gold pieces.

Inventory:

Hand Weapons
 a - a +0 falchion (weapon)
Missiles
 h - a silver javelin (quivered)
Armour
 b - a +0 leather armour (worn)
Wands
 g - a wand of digging (3)
Scrolls
 c - a scroll of fog
 d - a scroll of magic mapping
 e - a scroll of fear
Potions
 f - a potion of haste


   Skills:
 + Level 3.0 Fighting
 + Level 2.0 Long Blades
 + Level 1.6 Dodging
 + Level 7.2 Stealth


You couldn't memorise any spells.
You didn't know any spells.
Your spell library was empty.

Dungeon Overview and Level Annotations

Branches:
Dungeon (5/15)
 Temple: D:4-7

Altars:


Innate Abilities, Weirdness & Mutations

You cannot wear boots.
Your serpentine skin is tough. (AC +0)
You have supernaturally acute eyesight. (SInv)
Armour fits poorly on your strangely shaped body.
Your system is resistant to poisons. (rPois)
You cover ground very slowly.
You can spit poison.


Message History

The silver javelin pierces through the ogre.
The ogre is moderately wounded.
A worker ant zombie comes into view.
A worker ant comes into view.
Throwing (i - inventory)
h - 2 silver javelins (quivered)
Press: ? - help, Shift-Dir - straight line, f/p - ogre
Aim: an ogre, wielding a +0 giant spiked club (moderately wounded)
You throw a silver javelin.
The silver javelin barely misses the jackal.
The silver javelin barely misses the ogre.
The silver javelin barely misses the worker ant.
The worker ant twitches its antennae in your direction.
The jackal closely misses you. The jackal bites you.
A hound comes into view.
The jackal barely misses you.
A hound comes into view.
The jackal bites you. The jackal barely misses you.
You riposte.
You hit the jackal but do no damage.
The ogre hits you with a +0 giant spiked club!!
Ouch! That really hurt!
You die...

.......# ##.# #.....
....# #.# ##.# .....
....# #.##..# ..Z#
....## ##....##
##... .....#
#..##..####.†#
.....###.####...#..#
......##.# ##..S.##
.........# #..Oh##
..........# #..#@#
............#..#.#
.......##........#
.......# ..#......
>......# .#.......
.....#....#........
.....#.... .#......
............#.....#.
..........


You could see an ogre, an adder, a worker ant zombie and a jackal.

Vanquished Creatures
  A jackal (D:5)
1 creature vanquished.

Notes
Turn   | Place    | Note
-------+----------+-------------------------------------------
     0 | D:5      | ANON1729 the Naga Delver began the quest for the Orb.
     0 | D:5      | Reached XP level 1. HP: 21/21 MP: 1/1
    23 | D:5      | Noticed an ogre
    28 | D:5      | Noticed a worker ant
    29 | D:5      | Noticed a hound
    31 | D:5      | Noticed a hound
    32 | D:5      | Slain by an ogre

Illustrated notes

Levels and vault maps discovered:
D:5:      layout_layer_cave, bloody_makhleb, tgw_trog, lemuel_temple_firewalk_b,
          serial_shops, shop, grunt_decor_mini_mirrors, solitary_fountain

Action                   || total
-------------------------++-------
Throw: Javelin           ||     5
Dodge: Dodged            ||     3
       Rpst.: Falchion   ||     1

Table legend: (Time is in decaauts)
 A = Elapsed time spent in this place.
 B = Non-inter-level travel time spent in this place.
 C = Inter-level travel time spent in this place.
 D = Time resting spent in this place.
 E = Time spent auto-exploring this place.
 F = Levels seen in this place.
 G = Mean time per level.
                   A        B        C        D        E       F      G
               +--------+--------+--------+--------+--------+-----+--------+
         Total |     44 |     44 |      0 |      0 |     28 |   1 |   44.0 |
       Dungeon |     44 |     44 |      0 |      0 |     28 |   1 |   44.0 |
               +--------+--------+--------+--------+--------+-----+--------+

Top non-repeatable levels by time:
     D:5: 44 daAuts
